[Event "Titled Tuesday Blitz June 13 Late 2023"]
[White "Ardila, Oscar Humberto"]
[Black "Krishnakumar, Sriram"]
[WhiteFideId "4404742"]
[BlackFideId "30915856"]
[WhiteElo "1912"]
[BlackElo "2467"]
[Result "0-1"]
[Round "6"]
[TimeControl "180+2"]
[Date "2023.06.13"]
[WhiteClock "0:00:00"]
[BlackClock "0:00:54"]
[Board "136"]

1. d4 d5 2. c4 c6 3. Nc3 Nf6 4. Nf3 e6 5. Bg5 Nbd7 6. e3 Qa5 7. Bxf6 Nxf6 8. Qc2 Bb4 9. Nd2 O-O 10. Bd3 dxc4 11. Nxc4 Qc7 12. O-O Bxc3 13. bxc3 c5 14. Ne5 b6 15. Be4 Nxe4 16. Qxe4 Bb7 17. Qg4 Rac8 18. Rfc1 Rfd8 19. h4 h6 20. a4 a6 21. h5 b5 22. axb5 axb5 23. Rab1 cxd4 24. cxd4 Qxc1+ 25. Rxc1 Rxc1+ 26. Kh2 Rc2 27. Qf4 Rf8 28. Nd7 Rfc8 29. Nc5 Bd5 30. e4 Bc4 31. Kg3 b4 32. Qd6 b3 33. Qd7 Rf8 34. Qb7 b2 35. Nd7 Rc3+ 36. Kh2 Rb3 37. Qc7 b1=Q 38. Qxc4 Rd8 39. Qc7 Re8 40. Ne5 Rb7 41. Qc6 Reb8 42. f3 Qb5 43. Qc1 Qb6 44. Qe3 Rd8 45. Qf4 Qxd4 46. Ng4 Qd6 47. e5 Qd4 48. Qc1 Rb2 49. Kh3 Qd2 50. Qg1 Rd3 51. Qh2 Qe2 52. Qg3 Kf8 53. Nh2 Rd5 54. f4 Rd3 55. Nf3 Rbb3 56. Qg4 Rxf3+ 57. gxf3 Rxf3+ 58. Kh4 Qh2+ 0-1


[Site "https://www.chess.com"]

[Event "Titled Tuesday Blitz June 13 Late 2023"]
[White "Yang, Kevin"]
[Black "Ziatdinov, Raset"]
[WhiteFideId "30908485"]
[BlackFideId "2015323"]
[WhiteElo "2055"]
[BlackElo "2220"]
[Result "1-0"]
[Round "6"]
[TimeControl "180+2"]
[Date "2023.06.13"]
[WhiteClock "0:00:06"]
[BlackClock "0:00:00"]
[Board "137"]

1. d4 Nf6 2. Nc3 g6 3. Bf4 Bg7 4. h4 h6 5. e3 d6 6. Nf3 O-O 7. Be2 Nc6 8. d5 Nb8 9. Nd4 e5 10. dxe6 fxe6 11. Bg3 e5 12. Nb3 Nc6 13. Bd3 Bf5 14. f3 Nh5 15. Bf2 Bf6 16. g4 Bxd3 17. Qxd3 Ng7 18. Qxg6 Qe8 19. Qxh6 Ne6 20. Rg1 Rd8 21. Nd5 Bg7 22. Qh5 Qxh5 23. gxh5 Kh7 24. Ke2 Rf5 25. Rg6 Nf8 26. Rg5 Rxg5 27. hxg5 Ne6 28. Rg1 Rf8 29. Nd2 Ncd8 30. Ne4 c6 31. Ndf6+ Kh8 32. h6 Bxf6 33. Nxf6 Nxg5 34. Rxg5 Rxf6 35. Rg7 Rf7 36. Rg6 d5 37. Bh4 Rf8 38. Rd6 Nf7 39. Rf6 Kg8 40. Rg6+ Kh7 41. Rf6 Kh8 42. Bg3 Kg8 43. Rg6+ Kh8 44. Rg7 Nxh6 45. Rg5 Rf7 46. Bxe5+ Kh7 47. Rh5 Rf5 48. Rh1 Rxe5 49. f4 Re6 50. Kf3 Re8 51. Rh5 Kg7 52. Rg5+ Kf7 53. c4 dxc4 54. e4 b5 55. Rh5 Ng8 56. Rc5 Rc8 57. a4 a6 58. Rh5 Ne7 59. Rh7+ Ke6 60. Rh6+ Kd7 61. axb5 axb5 62. Ke3 Rg8 63. Kd4 Rg3 64. Kc5 Rb3 65. Rd6+ Kc7 66. Re6 Nc8 67. Rxc6+ Kb7 68. Rh6 Rxb2 69. Rh7+ Ka6 70. Rc7 Na7 71. f5 c3 72. f6 c2 73. Kd4 b4 74. Kd3 Nb5 75. Rc6+ Kb7 76. Rc5 Kb6 77. Rc8 Nc3 78. Kd2 Ra2 79. f7 Nb1+ 80. Kd3 c1=Q 81. f8=Q Qxc8 82. Qxc8 Ka5 83. Qa8+ Kb5 84. Qxa2 Nc3 85. Qb3 Kc5 86. Qc4+ Kb6 87. Qxb4+ 1-0


[Site "https://www.chess.com"]

[Event "Titled Tuesday Blitz June 13 Late 2023"]
[White "liwadas82"]
[Black "Burdalev, Kirill"]
[BlackFideId "14121913"]
[WhiteElo "2434"]
[BlackElo "2236"]
[Result "0-1"]
[Round "6"]
[TimeControl "180+2"]
[Date "2023.06.13"]
[WhiteClock "0:00:15"]
[BlackClock "0:00:05"]
[Board "138"]

1. e4 c5 2. Nf3 e6 3. d4 cxd4 4. Nxd4 a6 5. Nc3 Nc6 6. Nxc6 bxc6 7. Bd3 d5 8. O-O Qc7 9. Qe2 Bd6 10. h3 Ne7 11. Bg5 f6 12. Bd2 e5 13. Qh5+ g6 14. Qh6 Kf7 15. Qh4 g5 16. Qh5+ Kg7 17. h4 h6 18. exd5 cxd5 19. Nxd5 Nxd5 20. Qg6+ Kf8 21. c4 Qf7 22. cxd5 Qxg6 23. Bxg6 Bd7 24. h5 Ke7 25. Rac1 a5 26. b3 a4 27. b4 a3 28. Be3 Rhb8 29. Bc5 Ra4 30. Rc3 Rbxb4 31. Bxb4 Bxb4 32. Rb3 Kd6 33. Rfb1 Kc5 34. Rc1+ Kd6 35. Rc4 Bc5 36. Rxa4 Bxa4 37. Rf3 Ke7 38. Be4 Be8 39. Bg6 Bd7 40. Rc3 Kd6 41. Be4 f5 42. Bc2 e4 43. Kf1 Bb5+ 44. Kg1 Kxd5 45. Bb3+ Kd4 46. Rc1 Bb4 47. Rd1+ Bd3 48. Rc1 Bc3 49. Bd1 f4 50. g3 e3 51. gxf4 gxf4 52. fxe3+ fxe3 53. Bf3 e2 54. Bxe2 Bxe2 55. Kf2 Bxh5 56. Rh1 Bf7 57. Rxh6 Bxa2 58. Rh4+ Kc5 59. Ra4 Bb4 60. Ra8 Bb3 61. Rc8+ Kd4 62. Ra8 a2 63. Kf3 Kc3 64. Rxa2 Bxa2 65. Ke4 Bc4 66. Ke3 Bc5+ 67. Ke4 Kc2 68. Ke5 Kd3 69. Kf6 Bb4 70. Kf5 Kd4 71. Kf4 Bd5 72. Kf5 Bd6 73. Kf6 Ke4 74. Kg7 Kf5 75. Kh6 Be6 76. Kh5 Be7 77. Kh6 Kf4 78. Kh5 Bf5 79. Kh6 Kg4 80. Kg7 Bh4 81. Kf7 Kf4 82. Kg7 Ke5 83. Kf7 Kd6 84. Kg7 Ke7 85. Kh6 Kf7 86. Kh5 Be7 87. Kh6 Bg4 88. Kh7 Bg5 89. Kh8 Bf3 90. Kh7 Be4+ 91. Kh8 Bf6# 0-1


[Site "https://www.chess.com"]

[Event "Titled Tuesday Blitz June 13 Late 2023"]
[White "SicilianPanzer"]
[Black "Gasparyan, David"]
[BlackFideId "13311980"]
[WhiteElo "2246"]
[BlackElo "2426"]
[Result "0-1"]
[Round "6"]
[TimeControl "180+2"]
[Date "2023.06.13"]
[WhiteClock "0:00:00"]
[BlackClock "0:00:53"]
[Board "139"]

1. e4 c5 2. Nf3 Nc6 3. d4 cxd4 4. Nxd4 Nf6 5. Nc3 e5 6. Ndb5 d6 7. a4 a6 8. Na3 Be7 9. Bg5 Nd4 10. Nc4 O-O 11. Ne3 Be6 12. Bxf6 Bxf6 13. Ncd5 Bg5 14. c3 Nc6 15. Bd3 Ne7 16. O-O Bxd5 17. Nxd5 Nxd5 18. exd5 f5 19. a5 Rc8 20. Qb3 Qd7 21. Ra4 e4 22. Be2 Bf4 23. Rb4 Rc7 24. f3 Be3+ 25. Kh1 Bc5 26. Ra4 Qe7 27. fxe4 fxe4 28. Rxf8+ Kxf8 29. Qc2 Qh4 30. Bf1 Rf7 31. Qe2 Rf2 32. Rxe4 Qxe4 0-1


[Site "https://www.chess.com"]

[Event "Titled Tuesday Blitz June 13 Late 2023"]
[White "KorolDimitriy75"]
[Black "Florianovitz, Derlei Alex"]
[BlackFideId "2114178"]
[WhiteElo "2413"]
[BlackElo "1953"]
[Result "1-0"]
[Round "6"]
[TimeControl "180+2"]
[Date "2023.06.13"]
[WhiteClock "0:00:19"]
[BlackClock "0:02:03"]
[Board "140"]

1. d4 Nf6 2. c4 e6 3. Nc3 Bb4 4. Qc2 O-O 5. e4 Bxc3+ 6. bxc3 d5 7. cxd5 exd5 8. e5 Nfd7 9. Bd3 h6 10. Ne2 c5 11. O-O Nc6 12. Ba3 Re8 13. f4 cxd4 14. cxd4 Nf8 15. f5 Qa5 16. Bd6 Qb6 17. Bc5 Qd8 18. Rf4 f6 19. e6 Nh7 20. Ng3 Qc7 21. Raf1 b6 22. Ba3 Ba6 23. Bxa6 1-0


[Site "https://www.chess.com"]

[Event "Titled Tuesday Blitz June 13 Late 2023"]
[White "Carrasco Miranda, Andres"]
[Black "Aung Thant Zin"]
[WhiteFideId "3405990"]
[BlackFideId "13000063"]
[WhiteElo "2183"]
[BlackElo "2278"]
[Result "1/2-1/2"]
[Round "6"]
[TimeControl "180+2"]
[Date "2023.06.13"]
[WhiteClock "0:00:13"]
[BlackClock "0:00:14"]
[Board "141"]

1. d4 Nf6 2. c4 e6 3. g3 d5 4. Bg2 Be7 5. Nf3 O-O 6. O-O dxc4 7. Qa4 a6 8. Qxc4 b5 9. Qc2 Bb7 10. Bd2 Nc6 11. e3 h6 12. Rc1 Rc8 13. Qd1 Nb4 14. Bxb4 Bxb4 15. a3 Be7 16. b4 a5 17. Nc3 axb4 18. axb4 Bxb4 19. Nxb5 c5 20. Rab1 Ba6 21. dxc5 Qxd1+ 22. Rxd1 Bxc5 23. Nfd4 Bxd4 24. Nxd4 Rb8 25. Nc6 Rxb1 26. Rxb1 Bd3 27. Rb7 Be4 28. Bxe4 Nxe4 29. g4 g6 30. Kg2 Kg7 31. h4 Rc8 32. Nd4 Nc5 33. Ra7 e5 34. Nf3 Re8 35. Ra5 Nd3 36. Ra7 e4 37. Nd4 Rb8 38. g5 hxg5 39. hxg5 Rb2 40. Ne6+ Kg8 41. Ra8+ Kh7 42. Nf4 Rxf2+ 43. Kg3 Rf3+ 44. Kg4 Nxf4 45. exf4 Kg7 46. Re8 Re3 47. f5 gxf5+ 48. Kxf5 Re1 49. Rxe4 Rxe4 50. Kxe4 Kg6 51. Kf4 f6 52. gxf6 Kxf6 1/2-1/2


[Site "https://www.chess.com"]

[Event "Titled Tuesday Blitz June 13 Late 2023"]
[White "Melikhov, Evgeny V."]
[Black "Almedina Ortiz, Edgardo J."]
[WhiteFideId "4122046"]
[BlackFideId "3100197"]
[WhiteElo "2158"]
[BlackElo "2217"]
[Result "1-0"]
[Round "6"]
[TimeControl "180+2"]
[Date "2023.06.13"]
[WhiteClock "0:01:20"]
[BlackClock "0:00:00"]
[Board "142"]

1. d4 Nf6 2. c4 e6 3. Nc3 Bb4 4. Qc2 O-O 5. e4 d5 6. e5 Ne4 7. Nf3 c5 8. Bd3 cxd4 9. Nxd4 Nd7 10. Bf4 Ndc5 11. O-O Bxc3 12. bxc3 b6 13. cxd5 exd5 14. Be2 Qh4 15. g3 Qe7 16. f3 Ng5 17. Nf5 Nh3+ 18. Kh1 Qd7 19. Nd6 Nxf4 20. gxf4 f6 21. Rg1 Ne6 22. f5 Nf4 23. Nxc8 Raxc8 24. e6 Qc7 25. Rg4 Nxe2 26. Qxe2 Qxc3 27. Rag1 Rc7 28. e7 Re8 29. Rxg7+ Kh8 30. Qg2 1-0


[Site "https://www.chess.com"]

[Event "Titled Tuesday Blitz June 13 Late 2023"]
[White "Druska, Juraj"]
[Black "Ouellet, Maili-Jade"]
[WhiteFideId "14915650"]
[BlackFideId "2620472"]
[WhiteElo "2415"]
[BlackElo "2077"]
[Result "1-0"]
[Round "6"]
[TimeControl "180+2"]
[Date "2023.06.13"]
[WhiteClock "0:00:11"]
[BlackClock "0:00:00"]
[Board "143"]

1. a3 a6 2. g3 g6 3. Bg2 Bg7 4. d4 d6 5. Nf3 Nf6 6. O-O O-O 7. b3 c5 8. Bb2 cxd4 9. Nxd4 Qc7 10. c4 Nc6 11. Nc3 Nxd4 12. Qxd4 Be6 13. Qd3 Rab8 14. Rac1 Rfc8 15. Nd5 Bxd5 16. cxd5 Qd8 17. Bh3 Nd7 18. Bxg7 Kxg7 19. Rc3 Kg8 20. Rfc1 Rxc3 21. Qxc3 Nc5 22. Qe3 Qe8 23. b4 Nd7 24. Qd4 Nf6 25. e4 Qd8 26. Kg2 Nd7 27. Qa7 Rc8 28. Qe3 Rc7 29. Rxc7 Qxc7 30. Bxd7 Qxd7 31. Qb6 Qc8 32. h4 Kf8 33. h5 Kg7 34. Qd4+ Kg8 35. h6 f6 36. Qb6 Kf7 37. Kh2 Qd7 38. Qa7 Qc8 39. Kg2 Qc7 40. Qa8 e6 41. Qh8 Qc2 42. Qxh7+ Ke8 43. Qg8+ Ke7 44. Qxe6+ Kd8 45. Qxd6+ Kc8 46. Qe6+ Kb8 47. h7 1-0


[Site "https://www.chess.com"]

[Event "Titled Tuesday Blitz June 13 Late 2023"]
[White "Sadovsky, Artem"]
[Black "Zhukov, Maksim"]
[WhiteFideId "4155840"]
[BlackFideId "34181790"]
[WhiteElo "2314"]
[BlackElo "1925"]
[Result "1-0"]
[Round "6"]
[TimeControl "180+2"]
[Date "2023.06.13"]
[WhiteClock "0:00:19"]
[BlackClock "0:00:05"]
[Board "144"]

1. Nf3 c5 2. e3 d6 3. d4 cxd4 4. exd4 Nf6 5. Bd3 a6 6. O-O b5 7. Re1 Bb7 8. Bg5 Nbd7 9. Nbd2 Qb6 10. a4 h6 11. Bh4 g5 12. Bg3 Bg7 13. axb5 axb5 14. Rxa8+ Bxa8 15. Qe2 e6 16. Bxb5 O-O 17. Bxd7 Nxd7 18. Nc4 Qa6 19. Nxd6 Qxe2 20. Rxe2 Bxf3 21. gxf3 Bxd4 22. c3 Bg7 23. f4 gxf4 24. Bxf4 Ra8 25. Nc4 Ra4 26. Ne5 Nb6 27. Bg3 Nd5 28. Kg2 Ra2 29. Kf3 h5 30. c4 Nb4 31. b3 Ra3 32. Re3 Nc2 33. Rc3 Rxb3 34. Rxb3 Nd4+ 35. Ke3 Nxb3 36. Nd3 Bd4+ 37. Ke4 f5+ 38. Kf4 Nd2 39. c5 Nb3 40. c6 Bb6 41. Kg5 Bd8+ 42. Kxh5 Nd4 43. c7 Bxc7 44. Bxc7 Kf7 45. Be5 Nf3 46. h4 Nd2 47. Bf4 Ne4 48. Ne5+ Kf6 49. f3 Nf2 50. Nd7+ Ke7 51. Ne5 Kf6 52. Ng6 Nh3 53. Be5+ Kf7 54. Kh6 Ng1 55. Bf4 Nxf3 56. Ne5+ Nxe5 57. Bxe5 Kg8 58. Kg6 f4 59. h5 f3 60. h6 f2 61. Bf6 Kf8 62. h7 f1=Q 63. h8=Q# 1-0


[Site "https://www.chess.com"]

[Event "Titled Tuesday Blitz June 13 Late 2023"]
[White "Toniutti, Ezio"]
[Black "Kostiukov, Alexandr"]
[WhiteFideId "113034"]
[BlackFideId "14108100"]
[WhiteElo "2215"]
[BlackElo "2202"]
[Result "1-0"]
[Round "6"]
[TimeControl "180+2"]
[Date "2023.06.13"]
[WhiteClock "0:00:27"]
[BlackClock "0:00:00"]
[Board "145"]

1. d4 g6 2. c4 Bg7 3. e4 d6 4. Nc3 e5 5. Be3 exd4 6. Bxd4 Nf6 7. f3 Nc6 8. Be3 O-O 9. Qd2 Ne5 10. Be2 Be6 11. b3 c6 12. Rd1 Qa5 13. Nh3 Bxh3 14. gxh3 Rad8 15. O-O Nfd7 16. Nb1 Qxd2 17. Rxd2 Nb6 18. Rfd1 Nc8 19. Na3 Rfe8 20. Nc2 Bf6 21. Nd4 Be7 22. f4 Nd7 23. Bf3 Nc5 24. Ne2 Ne6 25. Ng3 Ng7 26. Bd4 Ne6 27. Be3 Bh4 28. Kg2 a5 29. f5 Ng5 30. Rd4 Nxf3 31. Kxf3 Bf6 32. R4d3 Be5 33. Ne2 Rd7 34. h4 Rde7 35. Bg5 f6 36. Bc1 gxf5 37. exf5 Bxh2 38. Nd4 Be5 39. Ne6 Kh8 40. Rg1 Rg8 41. Rxg8+ Kxg8 42. Bd2 1-0


[Site "https://www.chess.com"]

[Event "Titled Tuesday Blitz June 13 Late 2023"]
[White "rikchessmx"]
[Black "Fernandez, Maria Florencia"]
[BlackFideId "116459"]
[WhiteElo "2287"]
[BlackElo "2074"]
[Result "1/2-1/2"]
[Round "6"]
[TimeControl "180+2"]
[Date "2023.06.13"]
[WhiteClock "0:00:35"]
[BlackClock "0:00:04"]
[Board "146"]

1. e4 c5 2. Nf3 d6 3. d4 cxd4 4. Nxd4 Nf6 5. Nc3 g6 6. f4 Nc6 7. Nxc6 bxc6 8. Bd3 Bg7 9. O-O O-O 10. Qe1 e5 11. f5 d5 12. Bg5 dxe4 13. Bxf6 Bxf6 14. Bxe4 Qb6+ 15. Kh1 Ba6 16. Rf3 Rad8 17. Rb1 Rd4 18. Bd3 Rf4 19. Ne4 Bh4 20. Qf1 Rxf3 21. Qxf3 Bxd3 22. cxd3 Qd4 23. f6 Kh8 24. g3 Bxf6 25. Qxf6+ Kg8 26. Qf3 Rd8 27. Rf1 f5 28. Nf6+ Kf7 29. Qxc6 Rd6 30. Qe8+ Kxf6 31. Qf8+ Ke6 32. Qe8+ Kf6 33. Qf8+ Ke6 34. Qe8+ Kd5 35. Qb5+ Qc5 36. Qb3+ Kc6 37. Qa4+ Kb6 38. b4 Qc6+ 39. Qxc6+ Kxc6 40. Re1 Rd5 41. Rc1+ Kd6 42. Rc3 Rd4 43. a3 e4 44. dxe4 fxe4 45. Kg2 Kd5 46. Kf2 Rd2+ 47. Ke3 Rxh2 48. Rc5+ Kd6 49. Kxe4 Ra2 50. Ra5 Rg2 51. Kf3 Rc2 52. Rxa7 h5 53. Ra6+ Ke5 54. Rxg6 Rc3+ 55. Kg2 Rxa3 56. Rg5+ Ke4 57. Rxh5 Ra2+ 58. Kh3 Rb2 59. Rh4+ Kf3 60. Rf4+ Ke3 61. Kg4 Rb1 62. Kf5 Rg1 63. g4 Rc1 64. Re4+ Kd3 65. Re5 Rf1+ 66. Kg6 Rf4 67. b5 Rxg4+ 68. Kf6 Rb4 69. Ke6 Kc4 70. Kd6 Rxb5 71. Re4+ Kd3 72. Re5 Rxe5 73. Kxe5 1/2-1/2


[Site "https://www.chess.com"]

[Event "Titled Tuesday Blitz June 13 Late 2023"]
[White "Jimenez Garcia, Emmanuel"]
[Black "Rodriguez Santiago, Jaime"]
[WhiteFideId "6504779"]
[BlackFideId "3100898"]
[WhiteElo "2440"]
[BlackElo "2025"]
[Result "1-0"]
[Round "6"]
[TimeControl "180+2"]
[Date "2023.06.13"]
[WhiteClock "0:01:29"]
[BlackClock "0:00:05"]
[Board "147"]

1. Nf3 Nf6 2. c4 e6 3. b3 d5 4. Bb2 c5 5. cxd5 exd5 6. g3 Be7 7. Bg2 O-O 8. O-O Nc6 9. d4 b6 10. Nc3 Bb7 11. Rc1 Rc8 12. e3 cxd4 13. Nxd4 Nxd4 14. Qxd4 Bc5 15. Qa4 a6 16. Rfd1 b5 17. Qh4 Be7 18. Qf4 Qb6 19. g4 Bd6 20. Qf5 g6 21. Qg5 Be7 22. h3 Qe6 23. Qh6 Rfe8 24. g5 Bf8 25. Qh4 Ne4 26. Nxe4 dxe4 27. Qf4 Rxc1 28. Bxc1 Rc8 29. Bb2 Bg7 30. Rd6 Qe7 31. Bxg7 Kxg7 32. h4 Rc2 33. Bh3 Rc6 34. Rd7 Rc1+ 35. Kg2 Qe8 36. Qf6+ 1-0


[Site "https://www.chess.com"]

[Event "Titled Tuesday Blitz June 13 Late 2023"]
[White "Sarkar, Justin"]
[Black "Garmendiarov"]
[WhiteFideId "2010011"]
[WhiteElo "2151"]
[BlackElo "2390"]
[Result "1-0"]
[Round "6"]
[TimeControl "180+2"]
[Date "2023.06.13"]
[WhiteClock "0:01:36"]
[BlackClock "0:00:00"]
[Board "148"]

1. e4 c5 2. Nf3 e6 3. d4 cxd4 4. Nxd4 Bc5 5. Nc3 Qb6 6. Na4 Qa5+ 7. Nc3 Nc6 8. Nb3 Qb6 9. Nxc5 Qxc5 10. Be3 Qb4 11. a3 Qa5 12. b4 Qe5 13. Nb5 Nf6 14. f4 Qb8 15. e5 Nd5 16. Bc5 b6 17. Bd6 Qb7 18. c4 a6 19. cxd5 axb5 20. dxc6 dxc6 21. Bd3 Bd7 22. O-O O-O-O 23. a4 bxa4 24. Qxa4 b5 25. Qa7 Be8 26. Qc5 1-0


[Site "https://www.chess.com"]

[Event "Titled Tuesday Blitz June 13 Late 2023"]
[White "Mazurkiewicz, Michal"]
[Black "Celestino, Rafael Teixeira"]
[WhiteFideId "1124943"]
[BlackFideId "2108925"]
[WhiteElo "2063"]
[BlackElo "2263"]
[Result "1-0"]
[Round "6"]
[TimeControl "180+2"]
[Date "2023.06.13"]
[WhiteClock "0:00:33"]
[BlackClock "0:00:16"]
[Board "149"]

1. e4 e5 2. Nf3 Nc6 3. Bb5 a6 4. Bxc6 dxc6 5. O-O Bd6 6. d4 Bg4 7. dxe5 Bxf3 8. Qxf3 Bxe5 9. Qb3 Qh4 10. g3 Qxe4 11. Qxb7 Rd8 12. Nd2 Qd5 13. c4 Qe6 14. Re1 Ne7 15. Nf3 f6 16. Nxe5 fxe5 17. Qxc7 O-O 18. Bg5 Rd7 19. Qxe5 Qf7 20. Qe6 Qxe6 21. Rxe6 Nf5 22. Rxc6 Nd4 23. Rc5 Nf3+ 24. Kg2 h6 25. Be3 g5 26. h3 Rb7 27. b3 Rd7 28. Rd5 Re7 29. Rad1 Ref7 30. Rd6 Kh7 31. Rxa6 Ne5 32. Rdd6 g4 33. Rxh6+ Kg8 34. hxg4 Rg7 35. g5 Rd8 36. Rad6 Ra8 37. Bd4 Re8 38. Rde6 Rxe6 39. Rxe6 Nf7 40. g6 Nd8 41. Re8# 1-0


[Site "https://www.chess.com"]

[Event "Titled Tuesday Blitz June 13 Late 2023"]
[White "Quirke, Jeffrey"]
[Black "Ochkoos, Jura"]
[WhiteFideId "2013029"]
[BlackFideId "2601214"]
[WhiteElo "2224"]
[BlackElo "2139"]
[Result "1/2-1/2"]
[Round "6"]
[TimeControl "180+2"]
[Date "2023.06.13"]
[WhiteClock "0:00:47"]
[BlackClock "0:00:53"]
[Board "150"]

1. e4 e5 2. d4 Nc6 3. d5 Nce7 4. h4 d6 5. h5 f5 6. Nc3 Nf6 7. Nge2 a6 8. Bg5 b5 9. Bxf6 gxf6 10. h6 f4 11. g3 f3 12. Ng1 Bg4 13. Nxf3 Qd7 14. a3 Rg8 15. Be2 Rg6 16. Qd2 Ng8 17. O-O-O Bxh6 18. Rxh6 Rxh6 19. Nh4 Bxe2 20. Qxe2 Ne7 21. Qe3 Rh5 22. Qf3 Rh6 23. Qe3 Rh5 24. Qf3 Rh6 25. Qe3 1/2-1/2


[Site "https://www.chess.com"]

[Event "Titled Tuesday Blitz June 13 Late 2023"]
[White "Prieto Aranguren, Alain"]
[Black "Chemin, Justo Reinaldo"]
[WhiteFideId "2268906"]
[BlackFideId "2101580"]
[WhiteElo "2209"]
[BlackElo "1940"]
[Result "1-0"]
[Round "6"]
[TimeControl "180+2"]
[Date "2023.06.13"]
[WhiteClock "0:01:36"]
[BlackClock "0:00:10"]
[Board "151"]

1. e4 e5 2. d3 Nc6 3. Nc3 Bc5 4. Be3 Bb6 5. Nd5 Nf6 6. Nxb6 axb6 7. Nf3 d5 8. exd5 Nxd5 9. Bd2 O-O 10. Be2 Qd6 11. O-O f5 12. Re1 Bd7 13. Bf1 Rae8 14. a3 Kh8 15. c4 Nf6 16. Bc3 Nd4 17. Nxd4 exd4 18. Bd2 c5 19. Qc1 Bc6 20. b4 Ng4 21. g3 f4 22. Bxf4 Rxe1 23. Bxd6 Rxc1 24. Rxc1 Nxf2 25. Be7 Rf7 26. bxc5 Rxe7 27. Kxf2 bxc5 28. Re1 Rxe1 29. Kxe1 Kg8 30. Kf2 Kf7 31. Bg2 Bxg2 32. Kxg2 Ke6 33. Kf3 Kd6 34. Ke4 Kc6 35. Ke5 b5 36. cxb5+ Kxb5 37. Kd5 h6 38. h4 g5 39. hxg5 hxg5 40. g4 Kb6 41. a4 Ka5 42. Kxc5 Kxa4 43. Kxd4 Kb5 44. Ke5 Kc5 45. d4+ Kc6 46. Ke6 Kc7 47. d5 Kd8 48. Kd6 Ke8 49. Kc7 1-0


[Site "https://www.chess.com"]

[Event "Titled Tuesday Blitz June 13 Late 2023"]
[White "el_sporco"]
[Black "Cluke86"]
[WhiteElo "2361"]
[BlackElo "2217"]
[Result "1-0"]
[Round "6"]
[TimeControl "180+2"]
[Date "2023.06.13"]
[WhiteClock "0:00:10"]
[BlackClock "0:00:00"]
[Board "152"]

1. e4 d6 2. d4 Nf6 3. Nc3 e5 4. Nf3 Nbd7 5. Bc4 Be7 6. O-O c6 7. Re1 Qc7 8. a4 h6 9. a5 g5 10. b3 Nf8 11. d5 Ng6 12. a6 b5 13. Bf1 b4 14. Nb1 c5 15. Bb5+ Kf8 16. Bc6 Rb8 17. Nbd2 Nf4 18. Nc4 Bg4 19. Bxf4 gxf4 20. Qd3 h5 21. h3 Qc8 22. Bb7 Qd7 23. Bc6 Qc8 24. Bb7 Qd8 25. Na5 Bd7 26. Nd2 Rg8 27. Kh1 Kg7 28. Bc6 Bc8 29. Bb5 Qf8 30. Nc6 Ra8 31. Nc4 Rh8 32. N4a5 Ng4 33. Qd2 Bh4 34. Rf1 Qg8 35. Nb7 Rh6 36. Be2 Qh7 37. Bf3 Bd7 38. Nca5 Rg8 39. Nc4 Be7 40. Ra5 Kf8 41. Nxc5 dxc5 42. d6 Bd8 43. Rxc5 Nf6 44. Nxe5 Qg7 45. Rc7 Nxe4 46. Bxe4 Qxe5 47. Rxd7 Qxe4 48. Rxd8+ Kg7 49. Rxg8+ Kxg8 50. d7 Rg6 51. d8=Q+ Kh7 52. f3 Qf5 53. Q2d4 Rg7 54. Q8f6 1-0


[Site "https://www.chess.com"]

[Event "Titled Tuesday Blitz June 13 Late 2023"]
[White "Sariego Figueredo, Wilfredo"]
[Black "Zherebtsova, Alexandra"]
[WhiteFideId "3500080"]
[BlackFideId "24129518"]
[WhiteElo "2309"]
[BlackElo "2055"]
[Result "0-1"]
[Round "6"]
[TimeControl "180+2"]
[Date "2023.06.13"]
[WhiteClock "0:00:21"]
[BlackClock "0:00:18"]
[Board "153"]

1. d4 Nf6 2. Bf4 c5 3. d5 b5 4. e3 Bb7 5. Bxb5 Nxd5 6. Bg3 Qa5+ 7. Nd2 Nxe3 8. fxe3 Qxb5 9. Ngf3 e6 10. c4 Qb6 11. O-O Be7 12. Ne5 O-O 13. Qh5 f6 14. Nd3 Nc6 15. Rf4 g6 16. Qh6 Rf7 17. Rff1 Nb4 18. Nxb4 cxb4 19. Bf2 Bf8 20. Qf4 Qc6 21. Nf3 Bg7 22. Rac1 g5 23. Qg3 Rc8 24. Nd4 Qe4 25. Nb5 Bf8 26. Nxa7 Ra8 27. Nb5 Rxa2 28. b3 h5 29. h4 g4 30. Ra1 Rxa1 31. Rxa1 d5 32. Rc1 dxc4 33. bxc4 b3 34. Re1 b2 35. Nc3 Qc2 36. Nb1 e5 37. Rf1 Qe4 38. Be1 Bc5 39. Bd2 Kg7 40. Qf2 f5 41. Qe2 f4 42. Nc3 Bxe3+ 43. Bxe3 Qxe3+ 44. Qxe3 fxe3 45. Rxf7+ Kxf7 46. Kf1 Ba6 47. Ke2 Bxc4+ 48. Kxe3 Ba2 49. g3 b1=Q 50. Nxb1 Bxb1 51. Kd2 Kf6 52. Ke3 Bg6 53. Kf2 Kf5 54. Ke3 Ke6 55. Kd2 Kd5 56. Ke3 Bf5 57. Kd2 Ke4 58. Ke2 Be6 59. Kf2 Bc4 60. Kg2 Ke3 61. Kh2 Kf3 62. Kg1 Kxg3 63. Kh1 Kxh4 64. Kg1 Kg5 65. Kh1 Kf4 66. Kg1 e4 67. Kf2 Bd5 68. Ke1 Kf3 69. Kf1 Bc4+ 70. Kg1 e3 71. Kh2 e2 72. Kh1 e1=Q+ 73. Kh2 Qg3+ 74. Kh1 Qg2# 0-1


[Site "https://www.chess.com"]

[Event "Titled Tuesday Blitz June 13 Late 2023"]
[White "Djordjevic, Dejan N"]
[Black "Garrido, Denis"]
[WhiteFideId "913316"]
[BlackFideId "601217"]
[WhiteElo "2261"]
[BlackElo "2347"]
[Result "1-0"]
[Round "6"]
[TimeControl "180+2"]
[Date "2023.06.13"]
[WhiteClock "0:00:07"]
[BlackClock "0:00:00"]
[Board "154"]

1. e4 e5 2. Nf3 Nc6 3. Bc4 Nf6 4. d3 Bc5 5. O-O d6 6. Re1 O-O 7. c3 a6 8. Bb3 Ba7 9. Nbd2 Ng4 10. Re2 Kh8 11. h3 Nh6 12. Nf1 f5 13. Bxh6 gxh6 14. N1h2 fxe4 15. dxe4 Qf6 16. Qd2 Bd7 17. Kh1 Rae8 18. Rd1 Re7 19. Rg1 Rg7 20. Bd5 Nd8 21. b4 Ne6 22. Bxe6 Bxe6 23. a4 Bc4 24. Ree1 Qf4 25. Qc2 h5 26. Nf1 Be6 27. Ng3 Bxh3 28. Nxh5 Bxg2+ 29. Rxg2 Qh6 30. Rh2 Rxf3 31. Rg1 Rxg1+ 32. Kxg1 Qg5+ 33. Kf1 Be3 34. Ke2 1-0


[Site "https://www.chess.com"]

[Event "Titled Tuesday Blitz June 13 Late 2023"]
[White "LionKing2367890"]
[Black "Zhou, Qiyu"]
[BlackFideId "505161"]
[WhiteElo "2150"]
[BlackElo "2101"]
[Result "0-1"]
[Round "6"]
[TimeControl "180+2"]
[Date "2023.06.13"]
[WhiteClock "0:01:07"]
[BlackClock "0:00:42"]
[Board "155"]

1. e4 e5 2. Nf3 Nc6 3. Bc4 Bc5 4. c3 Nf6 5. d3 a6 6. a4 O-O 7. Bb3 d6 8. Be3 Ba7 9. h3 h6 10. Nbd2 Nh7 11. O-O Be6 12. d4 Bxb3 13. Qxb3 Qc8 14. d5 Bxe3 15. fxe3 Ne7 16. Nh4 g6 17. Qd1 Kg7 18. Qf3 Ng8 19. Qg3 Qd8 20. Rf2 Qg5 21. Qxg5 Nxg5 22. Raf1 f6 23. Nhf3 Nf7 24. g4 Ne7 25. Kg2 Ng8 26. Nh4 Ng5 27. Nhf3 Rf7 28. h4 Nh7 29. Nc4 Nf8 30. Na5 Nd7 31. g5 fxg5 32. hxg5 h5 33. Nh4 Rxf2+ 34. Rxf2 Nc5 35. Nf5+ gxf5 36. exf5 Rf8 37. f6+ Kg6 38. b4 Ne4 39. Rf1 Nxg5 40. Nxb7 Rxf6 41. Rxf6+ Nxf6 42. b5 axb5 43. a5 Nd7 44. a6 Nb6 45. Nd8 Na8 46. Nc6 Ne4 47. Na7 Nxc3 0-1


[Site "https://www.chess.com"]

[Event "Titled Tuesday Blitz June 13 Late 2023"]
[White "Omariev, Maksim"]
[Black "deloewre"]
[WhiteFideId "4193423"]
[WhiteElo "2339"]
[BlackElo "2130"]
[Result "1-0"]
[Round "6"]
[TimeControl "180+2"]
[Date "2023.06.13"]
[WhiteClock "0:00:25"]
[BlackClock "0:00:00"]
[Board "156"]

1. g4 d5 2. Bg2 c6 3. h3 e5 4. d4 e4 5. c4 Bd6 6. Nc3 Ne7 7. Bg5 f6 8. Be3 Na6 9. c5 Bb8 10. a3 Nc7 11. b4 a6 12. Na4 Ba7 13. Qd2 Ne6 14. Bf4 O-O 15. e3 Bb8 16. Nb6 Bxf4 17. exf4 Rb8 18. Ne2 Qc7 19. f5 Ng5 20. Nf4 g6 21. fxg6 Nxg6 22. Nxg6 hxg6 23. O-O-O Be6 24. h4 Nf7 25. f3 f5 26. h5 g5 27. gxf5 Bxf5 28. fxe4 dxe4 29. d5 Qf4 30. Rdf1 Qxd2+ 31. Kxd2 Ne5 32. d6 g4 33. Ke3 Nf3 34. Bxf3 exf3 35. Kf2 Rbe8 36. Re1 Kg7 37. Nc4 Bd3 38. Ne3 Bf5 39. Nxf5+ 1-0


[Site "https://www.chess.com"]